 Dungeon Crawl Stone Soup version 0.31-a0-210-gccc998df9b (webtiles) character file.

Game seed: 11547171705560657642

108157 qw the Severer (level 16, 0/104 HPs)
             Began as a Gargoyle Fighter on June 29, 2023.
             Was an Elder of Okawaru.
             Slain by an orc warrior
             ... wielding a +0 trident
              (10 damage)
             ... on level 2 of the Orcish Mines.
             The game lasted 00:12:30 (21829 turns).

qw the Severer (Gargoyle Fighter)                  Turns: 21829, Time: 00:12:31

Health: 0/104      AC: 44    Str: 32      XL:     16   Next: 48%
Magic:  23/23      EV:  5    Int: 12 (14) God:    Okawaru [****..]
Gold:   2227       SH: 31    Dex:  9      Spells: 15/15 levels left

rFire   + . .        x - +10 broad axe of the Shark {heavy, rPois SInv}
rCold   + . .        s - +18 shield of the Gong {Loud rN+ Will+ rCorr EV-5}
rNeg    + + .        B - +1 plate armour {rC+}
rPois   inf          (no helmet)
rElec   +            v - +1 cloak
rCorr   +            A - +2 pair of gloves
SInv    +            f - +2 pair of boots
Will    ++...        e - amulet of the acrobat Stlth
                     l - ring "Cextoe" {rF+ Str+6 Int+3}
HPRegen 0.37/turn    n - +4 ring of protection
MPRegen 0.18/turn

%: acrobat
@: about to teleport, heroic, flying
A: sickness immunity, AC +12, big wings, negative energy resistance 1,
electricity resistance, torment resistance 1, petrification resistance
a: Renounce Religion, Heroism, Finesse


You were on level 2 of the Orcish Mines.
You worshipped Okawaru.
Okawaru was greatly pleased with you.
You visited 3 branches of the dungeon, and saw 22 of its levels.

You collected 2369 gold pieces.
You spent 142 gold pieces at shops.


Innate Abilities, Weirdness & Mutations

You are immune to sickness and miasma.
Your stone body is resilient. (AC +12)
You are immune to poison.
Your large and strong wings let you fly.
You resist negative energy. (rN+)
You are resistant to electric shocks. (rElec)
You are resistant to unholy torment.
You are immune to petrification.


   Skills:
 - Level 13.0(18.0) Fighting
 - Level 17.5(22.5) Axes
 - Level 7.1(12.1) Throwing
 + Level 11.3(16.3) Armour
 - Level 3.0(8.0) Dodging
 - Level 13.0(18.0) Shields
 - Level 10.0 Invocations


You had 15 spell levels left.
You didn't know any spells.
Your spell library was empty.

Inventory:

Hand Weapons
 o - a +1 demon whip of venom
 r - a +0 eveningstar
 x - the +10 broad axe of the Shark (weapon) {heavy, rPois SInv}
   (Okawaru gifted it to you on level 3 of the Lair of Beasts)

   rPois:     It protects you from poison.
   SInv:      It lets you see invisible.
 z - a +0 broad axe
Missiles
 q - 25 boomerangs
 w - 9 javelins (quivered)
Armour
 a - a +0 hat of see invisible
 f - a +2 pair of boots (worn)
 m - a +10 plate armour of ponderousness
 s - the +18 shield of the Gong (worn) {Loud rN+ Will+ rCorr EV-5}
   (You found it on level 9 of the Dungeon)

   Loud:      It is deafeningly noisy when blocking attacks.
   EV:        It affects your evasion (-5).
   rN:        It protects you from negative energy.
   rCorr:     It protects you from acid and corrosion.
   Will:      It increases your willpower.
 v - a +1 cloak (worn)
 A - a +2 pair of gloves (worn)
 B - a +1 plate armour of cold resistance (worn)
Jewellery
 e - an amulet of the acrobat (around neck)
 j - a ring of ice
 l - the ring "Cextoe" (left hand) {rF+ Str+6 Int+3}
   (You took it off an orc on level 6 of the Dungeon)

   [ring of strength]

   Str:       It affects your strength (+6).
   Int:       It affects your intelligence (+3).
   rF:        It protects you from fire.
 n - a +4 ring of protection (right hand)
 p - a ring of protection from fire
Scrolls
 b - 5 scrolls of teleportation
 k - 9 scrolls of identify
Potions
 c - 6 potions of curing
 d - a potion of might
 g - 3 potions of heal wounds
 h - 3 potions of lignification
 i - 4 potions of enlightenment
 t - 3 potions of attraction
 u - 2 potions of haste

Dungeon Overview and Level Annotations

Branches:
Dungeon (15/15)            Temple (0/1) D:5            Lair (5/5) D:11
 Shoals (0/4) Lair:2       Spider (0/4) Lair:3        Slime (0/5) Lair:5
    Orc (2/2) D:12         Vaults (0/5) D:14         Depths (0/4) D:15
    Elf: Orc:2

Altars:
Ashenzari
Cheibriados
Fedhas
Hepliaklqana
Nemelex Xobeh
Okawaru
Ru
Trog
Uskayaw
Vehumet
Wu Jian
Xom
Zin
The Shining One
Jiyva

Shops:
D:6 :   D:15 *

Annotations:
D:3 1 runed translucent door, Crazy Yiuf
D:6 4 runed translucent doors
Lair:1 1 runed translucent door, qw's ghost, novice NaHu
Lair:5 1 runed translucent door
Orc:1 4 transporters
Orc:2 Nergalle


Message History

You block the orc knight's attack.
PANG!
The orc warlord hits you with a +2 broad axe!
You hear a shout! x2
You hit the orc knight but do no damage.
The orc knight is heavily wounded.
You barely miss the orc warlord.
The orc knight no longer looks unusually strong.
You block the orc warrior's attack.
PANG!
You block the orc knight's attack.
BONNNG!
You block the orc warlord's attack.
BOUMMMMG!
You hear a shout!
An orc warrior comes into view. It is wielding a +0 dire flail.
You barely miss the orc knight.
The orc knight is heavily wounded.
The orc warlord blocks your attack.
You closely miss the orc priest.
You hit the orc warrior but do no damage.
The orc priest no longer looks unusually strong.
The orc priest invokes the aid of Beogh against you.
You resist with almost no effort. You block the orc warrior's attack.
PTOANNNG!
The orc knight roars a battlecry!
The orcs go into a battle-frenzy!
The orc knight roars a battlecry!
The orc knight goes into a battle-frenzy!
You block the orc warrior's attack.
SHROANNG!
The orc warlord hits you with a +2 broad axe!!
You hear a shout!
21829 ||| READING 6 scrolls of teleportation.
As you read the scroll of teleportation, it crumbles to dust.
You feel strangely unstable.
The orc warrior no longer looks unusually strong.
You block the orc priest's attack.
PTOANNNG!
An ogre comes into view. It is wielding a +0 giant spiked club.
The orc warrior hits you from afar with a +0 trident!
You die... ..O...... .oo.....# .o...... #oo...# #oo.o.# #8ooo8#

#oo...# .## #@o...#
...## ##oo.###
....##....##...
........(.##..####
#.#......(....##.##
##.#....##..#...
##.#...####...#.#
###.....## ##..#.##
# ##.#..#)##
##......# ##.


You could see an orc warlord (strong), 3 orc knights, Nergalle (strong), 5 orc
warriors, an ogre, 2 orc priests and 4 orcs.

Vanquished Creatures
  Jorgrun (D:13)
  Rupert (D:12)
  Gastronok (Lair:3)
  Kirke (D:12)
  Louise (D:15)
  An orc warlord (Orc:1)
  Azrael (D:12)
  A dire elephant (Lair:3)
  3 fire dragons
  Fannar (Orc:1)
  5 hydras
  Erolcha (D:11)
  An ogre mage (D:14)
  3 centaur warriors (D:13)
  A boulder beetle (D:11)
  5 two-headed ogres
  An orc high priest (Orc:1)
  Urug (D:13)
  7 death yaks (Lair:5)
  A tengu warrior (D:15)
  A hell knight (D:15)
  Amaemon (Lair:3)
  Sonja (D:12)
  2 deep elf knights (D:15)
  A swamp dragon (Lair:5)
  Lodul (D:14)
  2 lindwurms (Lair:5)
  3 orc knights
  3 deep elf pyromancers
  6 oklob plants
  10 ugly things
  3 orc sorcerers
  6 cyclopes
  29 elephants
  3 manticores
  5 black mambas
  5 torpor snails (Lair:5)
  13 cane toads
  2 vault sentinels (D:8)
  An orange demon (Lair:3)
  2 unseen horrors
  2 gargoyles
  A kobold demonologist (D:11)
  12 komodo dragons
  An efreet (D:15)
  10 rime drakes
  A freezing wraith (D:15)
  A tengu conjurer (D:15)
  4 polar bears
  3 trolls
  8 hornets (Lair:5)
  4 tyrant leeches (Lair:5)
  19 blink frogs
  11 dream sheep (Lair:5)
  Sigmund (D:3)
  A snapping turtle (shapeshifter) (D:15)
  3 spriggans
  7 slime creatures (D:14)
  A shadow (D:12)
  5 wyverns
  3 wraiths
  46 yaks
  Grum (D:8)
  3 hogs (D:12)
  A human (D:12)
  3 steam dragons
  6 basilisks
  3 fire elementals (D:12)
  2 vampire mosquitoes (D:12)
  8 wargs
  3 acid dragons
  3 hell hounds (D:12)
  Duvessa (D:7)
  17 water moccasins
  3 black bears
  3 sky beasts
  3 ice beasts
  A sky beast (shapeshifter) (D:13)
  31 orc warriors
  15 centaurs
  14 ogres
  16 wolves
  2 kobold brigands
  15 bullfrogs
  3 gnoll sergeants
  4 scorpions
  8 wights
  Dowan (D:7)
  3 killer bees (D:10)
  3 jellies
  A howler monkey (D:6)
  4 hounds
  2 gnoll boudas
  18 orc priests
  30 orc wizards
  7 iguanas
  A boggart simulacrum (D:14)
  38 gnolls
  8 adders
  5 white imps
  A worm (D:2)
  3 dart slugs
  91 orcs
  4 ball pythons
  12 endoplasms
  6 giant cockroaches
  9 goblins
  12 hobgoblins
  4 jackals
  2 quokkas
  2 training dummies (D:7)
  5 bats
  6 frilled lizards
  20 kobolds
  2 rats
751 creatures vanquished.

Vanquished Creatures (others)
  An elephant (Lair:5)
  An iguana (Lair:5)
2 creatures vanquished.

Grand Total: 753 creatures vanquished

Notes
Turn   | Place    | Note
-------+----------+-------------------------------------------
     0 | D:1      | qw the Gargoyle Fighter began the quest for the Orb.
     0 | D:1      | Reached XP level 1. HP: 14/14 MP: 1/1
     0 | D:1      | 0 ||| qw: Version: 0.3-a-24-g62f9e04
     0 | D:1      | 0 ||| qw: Game counter: 6655
     0 | D:1      | 0 ||| qw: Melee chars always use a shield: true
     0 | D:1      | 0 ||| qw: God list: Okawaru
     0 | D:1      | 0 ||| qw: Allow faded altars: false
     0 | D:1      | 0 ||| qw: Do Orc after clearing Dungeon:15 true
     0 | D:1      | 0 ||| qw: Do second Lair branch before Depths: true
     0 | D:1      | 0 ||| qw: Lair rune preference: random
     0 | D:1      | 0 ||| qw: Goals: Normal, Zot:1-4, Slime:5, God:TSO, Crypt,
                  | Tomb, Abyss, Pan, Hells, Win
     0 | D:1      | 0 ||| PLANNING D:1-11
    69 | D:1      | Reached skill level 2 in Axes
   102 | D:1      | 102 ||| Stepping ~*~*~tactically~*~*~ (hiding).
   104 | D:1      | 104 ||| Stepping ~*~*~tactically~*~*~ (hiding).
   112 | D:1      | Reached XP level 2. HP: 19/19 MP: 2/2
   212 | D:1      | 212 ||| DROPPING +0 club.
   469 | D:1      | Reached skill level 3 in Axes
   515 | D:1      | 515 ||| Stepping ~*~*~tactically~*~*~ (stealth).
   519 | D:1      | Reached XP level 3. HP: 23/23 MP: 3/3
   639 | D:1      | 639 ||| UPGRADING to amulet of the acrobat.
   644 | D:1      | 644 ||| READING scroll labelled POKICHA NIOX.
   645 | D:1      | 645 ||| READING scroll labelled ENEOKK ZIOTOILAJ.
   646 | D:1      | 646 ||| READING 4 scrolls labelled UFFUTH ZUESS.
   647 | D:1      | 647 ||| READING scroll labelled KISOKL KASULIA.
   648 | D:1      | 648 ||| READING 3 scrolls of identify.
   648 | D:1      | 648 ||| IDENTIFYING lumpy white potion
   649 | D:1      | 649 ||| READING 2 scrolls of identify.
   649 | D:1      | 649 ||| IDENTIFYING sedimented sapphire potion
   689 | D:2      | 689 ||| Stepping ~*~*~tactically~*~*~ (hiding).
   708 | D:2      | 708 ||| READING scroll of enchant weapon.
   708 | D:2      | 708 ||| ENCHANTING +1 war axe.
   812 | D:2      | Reached skill level 1 in Throwing
   816 | D:2      | 816 ||| Stepping ~*~*~tactically~*~*~ (stealth).
   869 | D:2      | Found a blossoming altar of Fedhas.
   964 | D:2      | Reached XP level 4. HP: 28/28 MP: 4/4
  1298 | D:2      | 1298 ||| UPGRADING to +2 chain mail of willpower.
  1308 | D:2      | 1308 ||| DROPPING +0 scale mail.
  1309 | D:2      | 1309 ||| UPGRADING to +4 ring of protection.
  1310 | D:2      | 1310 ||| UPGRADING to ring of willpower.
  1311 | D:2      | 1311 ||| READING scroll labelled ZOYKOR ERGHOEST.
  1417 | D:3      | Noticed Sigmund
  1418 | D:3      | 1418 ||| Stepping ~*~*~tactically~*~*~ (hiding).
  1432 | D:3      | Killed Sigmund
  1433 | D:3      | Reached skill level 5 in Axes
  1433 | D:3      | Reached XP level 5. HP: 21/32 MP: 5/5
  1433 | D:3      | Reached XP level 6. HP: 24/37 MP: 6/6
  1562 | D:3      | 1562 ||| Stepping ~*~*~tactically~*~*~ (stealth).
  1564 | D:3      | 1564 ||| Stepping ~*~*~tactically~*~*~ (hiding).
  1577 | D:3      | 1577 ||| FLEEEEING.
  1580 | D:3      | 1580 ||| FLEEEEING.
  1582 | D:3      | 1582 ||| FLEEEEING.
  1583 | D:3      | 1583 ||| FLEEEEING.
  1584 | D:3      | 1584 ||| FLEEEEING.
  1585 | D:3      | 1585 ||| FLEEEEING.
  1586 | D:3      | 1586 ||| FLEEEEING.
  1587 | D:3      | 1587 ||| FLEEEEING.
  1601 | D:3      | 1601 ||| FLEEEEING.
  1603 | D:3      | 1603 ||| FLEEEEING.
  1609 | D:3      | 1609 ||| STAIRDANCE
  1674 | D:2      | 1674 ||| READING scroll labelled FAPESE QICWAR.
  1841 | D:3      | Found a sacrificial altar of Ru.
  2001 | D:3      | Found a runed translucent door.
  2002 | D:3      | Noticed Crazy Yiuf
  2342 | D:3      | Found a hazy altar of Hepliaklqana.
  2344 | D:3      | Found a faded altar of an unknown god.
  2384 | D:3      | 2384 ||| DROPPING +0 mace.
  2385 | D:3      | 2385 ||| UPGRADING to +0 kite shield.
  2395 | D:3      | 2395 ||| DROPPING +0 buckler.
  2412 | D:4      | Found a broken altar of Ashenzari.
  2607 | D:4      | Reached XP level 7. HP: 43/43 MP: 7/7
  2776 | D:4      | 2776 ||| FLEEEEING.
  2781 | D:4      | 2781 ||| STAIRDANCE
  2924 | D:4      | Reached skill level 6 in Axes
  2959 | D:4      | 2959 ||| Stepping ~*~*~tactically~*~*~ (stealth).
  2990 | D:4      | 2990 ||| Stepping ~*~*~tactically~*~*~ (hiding).
  3129 | D:4      | 3129 ||| Stepping ~*~*~tactically~*~*~ (stealth).
  3168 | D:4      | 3168 ||| DROPPING +0 flail.
  3213 | D:4      | Reached skill level 6 in Shields
  3221 | D:4      | Reached XP level 8. HP: 46/48 MP: 8/8
  3364 | D:4      | 3364 ||| UPGRADING to +0 pair of boots.
  3369 | D:4      | 3369 ||| READING scroll of enchant armour.
  3369 | D:4      | 3369 ||| ENCHANTING +0 pair of boots.
  3370 | D:4      | 3370 ||| READING 2 scrolls of identify.
  3370 | D:4      | 3370 ||| IDENTIFYING fizzy coppery potion
  3383 | D:5      | Entered Level 5 of the Dungeon
  3439 | D:5      | Found a glowing silver altar of Zin.
  3453 | D:5      | Reached skill level 1 in Dodging
  3489 | D:5      | Found an iron altar of Okawaru.
  3490 | D:5      | 3490 ||| PLANNING OKAWARU WORSHIP
  3517 | D:5      | Became a worshipper of Warmaster Okawaru
  3518 | D:5      | 3518 ||| PLANNING D:1-11
  3575 | D:5      | Reached skill level 7 in Axes
  3604 | D:5      | 3604 ||| Stepping ~*~*~tactically~*~*~ (hiding).
  3719 | D:5      | 3719 ||| DROPPING +0 flail of protection.
  3913 | D:5      | Found a sparkling altar of Nemelex Xobeh.
  4064 | D:5      | Found a staircase to the Ecumenical Temple.
  4127 | D:5      | 4127 ||| READING scroll labelled WAMIEQ MEDD.
  4128 | D:5      | 4128 ||| DRINKING 2 glowing purple potions.
  4316 | D:6      | Identified the +10 flail "Ziawuvaf" {drain, Dex+2}
  4344 | D:6      | 4344 ||| Stepping ~*~*~tactically~*~*~ (stealth).
  4345 | D:6      | 4345 ||| Stepping ~*~*~tactically~*~*~ (stealth).
  4360 | D:6      | Found a large runed translucent door.
  4360 | D:6      | Found a large runed translucent door.
  4361 | D:6      | Noticed a troll
  4362 | D:6      | Noticed a two-headed ogre
  4365 | D:6      | 4365 ||| Stepping ~*~*~tactically~*~*~ (stealth).
  4366 | D:6      | 4366 ||| Stepping ~*~*~tactically~*~*~ (stealth).
  4461 | D:6      | Identified the ring "Cextoe" {rF+ Str+6 Int+3}
  4462 | D:6      | 4462 ||| Stepping ~*~*~tactically~*~*~ (stealth).
  4479 | D:6      | Reached * piety under Okawaru
  4508 | D:6      | Noticed a two-headed ogre
  4509 | D:6      | 4509 ||| INVOKING Heroism.
  4519 | D:6      | Killed a two-headed ogre
  4520 | D:6      | Reached skill level 8 in Axes
  4520 | D:6      | Reached XP level 9. HP: 37/54 MP: 7/9
  4533 | D:6      | 4533 ||| FLEEEEING.
  4534 | D:6      | 4534 ||| FLEEEEING.
  4535 | D:6      | 4535 ||| FLEEEEING.
  4537 | D:6      | 4537 ||| FLEEEEING.
  4538 | D:6      | 4538 ||| FLEEEEING.
  4541 | D:6      | 4541 ||| FLEEEEING.
  4542 | D:6      | 4542 ||| FLEEEEING.
  4543 | D:6      | 4543 ||| FLEEEEING.
  4544 | D:6      | 4544 ||| FLEEEEING.
  4545 | D:6      | 4545 ||| FLEEEEING.
  4546 | D:6      | 4546 ||| FLEEEEING.
  4547 | D:6      | 4547 ||| FLEEEEING.
  4548 | D:6      | 4548 ||| FLEEEEING.
  4552 | D:6      | 4552 ||| FLEEEEING.
  4557 | D:6      | 4557 ||| FLEEEEING.
  4558 | D:6      | 4558 ||| FLEEEEING.
  4559 | D:6      | 4559 ||| FLEEEEING.
  4583 | D:6      | Found Ynnitioh's Tiny Tomes.
  4753 | D:6      | 4753 ||| FLEEEEING.
  4754 | D:6      | 4754 ||| FLEEEEING.
  4755 | D:6      | 4755 ||| FLEEEEING.
  4756 | D:6      | 4756 ||| FLEEEEING.
  4758 | D:6      | 4758 ||| FLEEEEING.
  4759 | D:6      | 4759 ||| FLEEEEING.
  4764 | D:6      | 4764 ||| STAIRDANCE
  4799 | D:5      | 4799 ||| UPGRADING to ring "Cextoe" {rF+ Str+6 Int+3}.
  4801 | D:5      | 4801 ||| DROPPING +6 ring of intelligence.
  4802 | D:5      | 4802 ||| UPGRADING to +4 ring of protection.
  4804 | D:5      | 4804 ||| DROPPING ring of willpower.
  4805 | D:5      | 4805 ||| READING scroll labelled WOTUIQ QETAE.
  4806 | D:5      | 4806 ||| READING 2 scrolls of identify.
  4806 | D:5      | 4806 ||| IDENTIFYING yellow potion
  4807 | D:5      | 4807 ||| DRINKING potion of experience.
  4807 | D:5      | Reached XP level 10. HP: 68/68 MP: 9/16
  4962 | D:6      | 4962 ||| INVOKING Heroism.
  5031 | D:6      | Found a large runed translucent door.
  5035 | D:6      | Found a large runed translucent door.
  5037 | D:6      | 5037 ||| Stepping ~*~*~tactically~*~*~ (stealth).
  5097 | D:6      | 5097 ||| Stepping ~*~*~tactically~*~*~ (hiding).
  5102 | D:6      | 5102 ||| Stepping ~*~*~tactically~*~*~ (stealth).
  5341 | D:6      | 5341 ||| INVOKING Heroism.
  5394 | D:6      | 5394 ||| Stepping ~*~*~tactically~*~*~ (hiding).
  5398 | D:6      | 5398 ||| INVOKING Heroism.
  5471 | D:6      | 5471 ||| READING scroll labelled VEINARA MA VUI.
  5491 | D:7      | 5491 ||| INVOKING Heroism.
  5572 | D:7      | Noticed a cyclops
  5573 | D:7      | 5573 ||| INVOKING Heroism.
  5574 | D:7      | 5574 ||| Stepping ~*~*~tactically~*~*~ (hiding).
  5580 | D:7      | Killed a cyclops
  5705 | D:7      | 5705 ||| Stepping ~*~*~tactically~*~*~ (hiding).
  5706 | D:7      | 5706 ||| Stepping ~*~*~tactically~*~*~ (hiding).
  5770 | D:7      | Reached skill level 9 in Axes
  5926 | D:7      | 5926 ||| Stepping ~*~*~tactically~*~*~ (hiding).
  5928 | D:7      | Noticed Duvessa
  5928 | D:7      | Noticed Dowan
  5930 | D:7      | 5930 ||| INVOKING Heroism.
  5938 | D:7      | Killed Dowan
  5939 | D:7      | Killed Duvessa
  6173 | D:8      | 6173 ||| Stepping ~*~*~tactically~*~*~ (hiding).
  6216 | D:8      | 6216 ||| INVOKING Heroism.
  6254 | D:8      | 6254 ||| DRINKING potion of curing.
  6254 | D:8      | 6254 ||| (to cure confusion)
  6296 | D:8      | 6296 ||| INVOKING Heroism.
  6302 | D:8      | Reached skill level 3 in Throwing
  6361 | D:8      | 6361 ||| Stepping ~*~*~tactically~*~*~ (stealth).
  6487 | D:8      | Reached XP level 11. HP: 63/73 MP: 17/17
  6584 | D:8      | 6584 ||| Stepping ~*~*~tactically~*~*~ (hiding).
  6627 | D:8      | Noticed Grum
  6628 | D:8      | 6628 ||| INVOKING Heroism.
  6644 | D:8      | Killed Grum
  7264 | D:9      | Noticed a two-headed ogre
  7265 | D:9      | 7265 ||| INVOKING Heroism.
  7275 | D:9      | Killed a two-headed ogre
  7276 | D:9      | Reached skill level 9 in Shields
  7329 | D:9      | 7329 ||| READING scroll of enchant weapon.
  7329 | D:9      | 7329 ||| ENCHANTING +2 war axe.
  7402 | D:9      | Reached ** piety under Okawaru
  7485 | D:9      | 7485 ||| Stepping ~*~*~tactically~*~*~ (hiding).
  7490 | D:9      | 7490 ||| INVOKING Heroism.
  7505 | D:9      | 7505 ||| Stepping ~*~*~tactically~*~*~ (hiding).
  7506 | D:9      | 7506 ||| Stepping ~*~*~tactically~*~*~ (hiding).
  7507 | D:9      | 7507 ||| Stepping ~*~*~tactically~*~*~ (hiding).
  7589 | D:9      | 7589 ||| INVOKING Heroism.
  7772 | D:9      | Noticed a green ugly thing
  7786 | D:9      | Killed a green ugly thing
  7787 | D:9      | Reached skill level 10 in Axes
  7902 | D:9      | 7902 ||| FLEEEEING.
  7903 | D:9      | 7903 ||| FLEEEEING.
  7904 | D:9      | 7904 ||| FLEEEEING.
  7905 | D:9      | 7905 ||| FLEEEEING.
  7906 | D:9      | 7906 ||| FLEEEEING.
  7907 | D:9      | 7907 ||| FLEEEEING.
  7908 | D:9      | 7908 ||| FLEEEEING.
  7909 | D:9      | 7909 ||| FLEEEEING.
  7916 | D:9      | 7916 ||| STAIRDANCE
  8024 | D:9      | 8024 ||| STAIRDANCE
  8129 | D:9      | 8129 ||| STAIRDANCE
  8140 | D:8      | 8140 ||| INVOKING Heroism.
  8355 | D:9      | 8355 ||| Stepping ~*~*~tactically~*~*~ (hiding).
  8357 | D:9      | 8357 ||| Stepping ~*~*~tactically~*~*~ (hiding).
  8359 | D:9      | 8359 ||| Stepping ~*~*~tactically~*~*~ (hiding).
  8360 | D:9      | 8360 ||| INVOKING Heroism.
  8385 | D:9      | Found the +18 shield of the Gong {Loud rN+ Will+ rCorr
                  | EV-5}
  8529 | D:9      | Found a bloodstained altar of Trog.
  8761 | D:9      | Found a snail-covered altar of Cheibriados.
  8835 | D:9      | 8835 ||| UPGRADING to +18 shield of the Gong {Loud rN+
                  | Will+ rCorr EV-5}.
  8845 | D:9      | 8845 ||| DROPPING +0 kite shield.
  8869 | D:10     | Entered Level 10 of the Dungeon
  8870 | D:10     | 8870 ||| INVOKING Heroism.
  8914 | D:10     | 8914 ||| Stepping ~*~*~tactically~*~*~ (stealth).
  8916 | D:10     | 8916 ||| Stepping ~*~*~tactically~*~*~ (stealth).
  8918 | D:10     | 8918 ||| Stepping ~*~*~tactically~*~*~ (stealth).
  8935 | D:10     | Reached *** piety under Okawaru
  8937 | D:10     | Reached skill level 11 in Axes
  9188 | D:10     | Found a glowing golden altar of the Shining One.
  9309 | D:10     | Found a hide-covered altar of Uskayaw.
  9419 | D:10     | 9419 ||| DROPPING ring of fire.
  9420 | D:10     | 9420 ||| READING scroll labelled IXZUOCO PIMI.
  9421 | D:10     | 9421 ||| READING 2 scrolls of identify.
  9421 | D:10     | 9421 ||| IDENTIFYING fizzy black potion
  9422 | D:10     | 9422 ||| DROPPING potion of invisibility.
  9492 | D:11     | Noticed Erolcha
  9493 | D:11     | 9493 ||| INVOKING Heroism.
  9494 | D:11     | Noticed a boulder beetle
  9503 | D:11     | Killed Erolcha
  9504 | D:11     | Reached XP level 12. HP: 78/78 MP: 16/18
  9528 | D:11     | Killed a boulder beetle
  9538 | D:11     | Reached **** piety under Okawaru
  9556 | D:11     | Reached skill level 9 in Invocations
  9560 | D:11     | 9560 ||| Stepping ~*~*~tactically~*~*~ (hiding).
  9562 | D:11     | 9562 ||| Stepping ~*~*~tactically~*~*~ (hiding).
  9654 | D:11     | Found a staircase to the Lair.
  9791 | D:11     | 9791 ||| Stepping ~*~*~tactically~*~*~ (hiding).
  9793 | D:11     | 9793 ||| Stepping ~*~*~tactically~*~*~ (stealth).
  9796 | D:11     | 9796 ||| INVOKING Heroism.
  9834 | D:11     | 9834 ||| Stepping ~*~*~tactically~*~*~ (stealth).
  9838 | D:11     | 9838 ||| Stepping ~*~*~tactically~*~*~ (stealth).
  9839 | D:11     | 9839 ||| Stepping ~*~*~tactically~*~*~ (stealth).
  9845 | D:11     | Reached skill level 12 in Axes
 10187 | D:11     | 10187 ||| PLANNING LAIR
 10229 | Lair:1   | Entered Level 1 of the Lair of Beasts
 10267 | Lair:1   | 10267 ||| Stepping ~*~*~tactically~*~*~ (stealth).
 10272 | Lair:1   | 10272 ||| Stepping ~*~*~tactically~*~*~ (stealth).
 10273 | Lair:1   | 10273 ||| Stepping ~*~*~tactically~*~*~ (stealth).
 10277 | Lair:1   | 10277 ||| Stepping ~*~*~tactically~*~*~ (stealth).
 10282 | Lair:1   | 10282 ||| Stepping ~*~*~tactically~*~*~ (stealth).
 10304 | Lair:1   | 10304 ||| INVOKING Heroism.
 10325 | Lair:1   | 10325 ||| Stepping ~*~*~tactically~*~*~ (stealth).
 10337 | Lair:1   | Reached skill level 6 in Armour
 10337 | Lair:1   | 10337 ||| FLEEEEING.
 10341 | Lair:1   | 10341 ||| Stepping ~*~*~tactically~*~*~ (stealth).
 10349 | Lair:1   | 10349 ||| Stepping ~*~*~tactically~*~*~ (stealth).
 10394 | Lair:1   | 10394 ||| Stepping ~*~*~tactically~*~*~ (stealth).
 10396 | Lair:1   | 10396 ||| Stepping ~*~*~tactically~*~*~ (stealth).
 10404 | Lair:1   | 10404 ||| INVOKING Heroism.
 10424 | Lair:1   | Received a gift from Okawaru
 10641 | Lair:1   | 10641 ||| READING scroll of enchant armour.
 10641 | Lair:1   | 10641 ||| ENCHANTING +1 pair of boots.
 10876 | Lair:1   | Identified the +0 robe of the Shining Light {rPois Regen+
                  | Int-4 Dex+2}
 10992 | Lair:1   | Found a runed translucent door.
 10993 | Lair:1   | Found a shimmering altar of Xom.
 10993 | Lair:1   | Noticed qw's ghost (novice NaHu)
 11160 | Lair:1   | 11160 ||| READING scroll labelled MEJUCV SAIXTO.
 11161 | Lair:1   | 11161 ||| READING 2 scrolls labelled YFFAPHE ZORCH.
 11162 | Lair:1   | 11162 ||| DRINKING 2 amethyst potions.
 11163 | Lair:1   | 11163 ||| DROPPING scroll of immolation.
 11225 | Lair:2   | 11225 ||| INVOKING Heroism.
 11240 | Lair:2   | Reached ***** piety under Okawaru
 11241 | Lair:2   | Reached XP level 13. HP: 83/83 MP: 20/20
 11250 | Lair:2   | Reached skill level 13 in Axes
 11303 | Lair:2   | 11303 ||| INVOKING Heroism.
 11373 | Lair:2   | Found a staircase to the Shoals.
 11399 | Lair:2   | 11399 ||| INVOKING Heroism.
 11400 | Lair:2   | 11400 ||| INVOKING Finesse.
 11405 | Lair:2   | 11405 ||| SWAPPING to +0 eveningstar.
 11412 | Lair:2   | 11412 ||| SWAPPING to +3 war axe.
 11633 | Lair:2   | 11633 ||| Stepping ~*~*~tactically~*~*~ (stealth).
 12023 | Lair:2   | 12023 ||| READING 2 scrolls of identify.
 12023 | Lair:2   | 12023 ||| IDENTIFYING fuming red potion
 12024 | Lair:2   | 12024 ||| DROPPING potion of degeneration.
 12126 | Lair:3   | Noticed Gastronok
 12127 | Lair:3   | 12127 ||| INVOKING Heroism.
 12129 | Lair:3   | 12129 ||| Stepping ~*~*~tactically~*~*~ (hiding).
 12130 | Lair:3   | 12130 ||| Stepping ~*~*~tactically~*~*~ (hiding).
 12132 | Lair:3   | 12132 ||| Stepping ~*~*~tactically~*~*~ (hiding).
 12152 | Lair:3   | Killed Gastronok
 12361 | Lair:3   | Found a hole to the Spider Nest.
 12378 | Lair:3   | 12378 ||| Stepping ~*~*~tactically~*~*~ (stealth).
 12383 | Lair:3   | 12383 ||| Stepping ~*~*~tactically~*~*~ (hiding).
 12387 | Lair:3   | 12387 ||| Stepping ~*~*~tactically~*~*~ (hiding).
 12431 | Lair:3   | Found a hazy altar of Hepliaklqana.
 12482 | Lair:3   | Noticed Amaemon
 12483 | Lair:3   | 12483 ||| INVOKING Heroism.
 12496 | Lair:3   | Killed Amaemon
 12502 | Lair:3   | Reached skill level 14 in Axes
 12642 | Lair:3   | 12642 ||| Stepping ~*~*~tactically~*~*~ (stealth).
 12702 | Lair:3   | Noticed a dire elephant
 12703 | Lair:3   | 12703 ||| INVOKING Heroism.
 12718 | Lair:3   | Killed a dire elephant
 12758 | Lair:3   | 12758 ||| Stepping ~*~*~tactically~*~*~ (stealth).
 12801 | Lair:3   | 12801 ||| INVOKING Heroism.
 12802 | Lair:3   | Identified the +10 broad axe of the Shark {heavy, rPois
                  | SInv} (Okawaru gifted it to you on level 3 of the Lair of
                  | Beasts)
 12802 | Lair:3   | Received a gift from Okawaru
 12805 | Lair:3   | Reached skill level 12 in Shields
 12814 | Lair:3   | Reached skill level 3 in Dodging
 12918 | Lair:3   | 12918 ||| SWAPPING to +10 broad axe of the Shark {heavy,
                  | rPois SInv}.
 13349 | Lair:3   | 13349 ||| DROPPING ring of magical power.
 13350 | Lair:3   | 13350 ||| DRINKING 2 pink potions.
 13351 | Lair:3   | 13351 ||| DRINKING 2 fuming inky potions.
 13352 | Lair:3   | 13352 ||| DRINKING 2 potions of curing.
 13352 | Lair:3   | 13352 ||| (to cure confusion)
 13353 | Lair:3   | 13353 ||| DROPPING potion of ambrosia.
 13376 | Lair:4   | 13376 ||| INVOKING Heroism.
 13402 | Lair:4   | 13402 ||| Stepping ~*~*~tactically~*~*~ (hiding).
 13428 | Lair:4   | 13428 ||| INVOKING Finesse.
 13429 | Lair:4   | 13429 ||| INVOKING Finesse.
 13430 | Lair:4   | 13430 ||| INVOKING Heroism.
 13460 | Lair:4   | 13460 ||| Stepping ~*~*~tactically~*~*~ (stealth).
 13461 | Lair:4   | 13461 ||| Stepping ~*~*~tactically~*~*~ (stealth).
 13463 | Lair:4   | 13463 ||| Stepping ~*~*~tactically~*~*~ (stealth).
 13617 | Lair:4   | 13617 ||| Stepping ~*~*~tactically~*~*~ (stealth).
 13619 | Lair:4   | 13619 ||| Stepping ~*~*~tactically~*~*~ (stealth).
 13622 | Lair:4   | 13622 ||| Stepping ~*~*~tactically~*~*~ (stealth).
 13624 | Lair:4   | Gained mutation: Your large and strong wings let you fly.
                  | [Gargoyle growth]
 13624 | Lair:4   | Reached XP level 14. HP: 90/90 MP: 21/21
 13649 | Lair:4   | 13649 ||| Stepping ~*~*~tactically~*~*~ (stealth).
 13650 | Lair:4   | 13650 ||| Stepping ~*~*~tactically~*~*~ (stealth).
 13681 | Lair:4   | 13681 ||| Stepping ~*~*~tactically~*~*~ (stealth).
 13683 | Lair:4   | 13683 ||| Stepping ~*~*~tactically~*~*~ (stealth).
 13748 | Lair:4   | 13748 ||| Stepping ~*~*~tactically~*~*~ (stealth).
 13762 | Lair:4   | 13762 ||| Stepping ~*~*~tactically~*~*~ (stealth).
 13763 | Lair:4   | 13763 ||| Stepping ~*~*~tactically~*~*~ (stealth).
 13766 | Lair:4   | 13766 ||| Stepping ~*~*~tactically~*~*~ (stealth).
 13771 | Lair:4   | Received a gift from Okawaru
 13809 | Lair:4   | 13809 ||| Stepping ~*~*~tactically~*~*~ (stealth).
 13945 | Lair:4   | 13945 ||| Stepping ~*~*~tactically~*~*~ (stealth).
 13946 | Lair:4   | 13946 ||| Stepping ~*~*~tactically~*~*~ (stealth).
 13951 | Lair:4   | 13951 ||| Stepping ~*~*~tactically~*~*~ (stealth).
 14008 | Lair:4   | 14008 ||| INVOKING Heroism.
 14009 | Lair:4   | 14009 ||| INVOKING Finesse.
 14312 | Lair:4   | Reached skill level 15 in Axes
 14320 | Lair:4   | 14320 ||| Stepping ~*~*~tactically~*~*~ (stealth).
 14470 | Lair:4   | 14470 ||| INVOKING Heroism.
 14471 | Lair:4   | 14471 ||| SWAPPING to +1 demon whip of venom.
 14472 | Lair:4   | 14472 ||| INVOKING Finesse.
 14481 | Lair:4   | 14481 ||| SWAPPING to +10 broad axe of the Shark {heavy,
                  | rPois SInv}.
 14687 | Lair:5   | Entered Level 5 of the Lair of Beasts
 14691 | Lair:5   | 14691 ||| STAIRDANCE
 14695 | Lair:4   | 14695 ||| INVOKING Heroism.
 14801 | Lair:5   | 14801 ||| STAIRDANCE
 14805 | Lair:4   | 14805 ||| INVOKING Heroism.
 14890 | Lair:5   | 14890 ||| INVOKING Heroism.
 14894 | Lair:5   | Received a gift from Okawaru
 14895 | Lair:5   | 14895 ||| INVOKING Finesse.
 14902 | Lair:5   | 14902 ||| SWAPPING to +1 demon whip of venom.
 14907 | Lair:5   | Reached skill level 12 in Fighting
 14915 | Lair:5   | 14915 ||| SWAPPING to +10 broad axe of the Shark {heavy,
                  | rPois SInv}.
 14922 | Lair:5   | 14922 ||| FLEEEEING.
 14923 | Lair:5   | 14923 ||| FLEEEEING.
 14924 | Lair:5   | 14924 ||| STAIRDANCE
 15067 | Lair:5   | 15067 ||| INVOKING Heroism.
 15068 | Lair:5   | 15068 ||| INVOKING Finesse.
 15093 | Lair:5   | 15093 ||| Stepping ~*~*~tactically~*~*~ (stealth).
 15098 | Lair:5   | 15098 ||| Stepping ~*~*~tactically~*~*~ (hiding).
 15117 | Lair:5   | 15117 ||| INVOKING Heroism.
 15119 | Lair:5   | 15119 ||| Stepping ~*~*~tactically~*~*~ (hiding).
 15132 | Lair:5   | Identified the +0 plate armour of Okawaru's Hope {rN++
                  | Int+5 Dex-5} (Okawaru gifted it to you on level 5 of the
                  | Lair of Beasts)
 15132 | Lair:5   | Received a gift from Okawaru
 15137 | Lair:5   | 15137 ||| INVOKING Finesse.
 15140 | Lair:5   | Reached skill level 16 in Axes
 15140 | Lair:5   | Reached XP level 15. HP: 96/96 MP: 15/22
 15148 | Lair:5   | 15148 ||| SWAPPING to +1 demon whip of venom.
 15155 | Lair:5   | 15155 ||| SWAPPING to +10 broad axe of the Shark {heavy,
                  | rPois SInv}.
 15231 | Lair:5   | 15231 ||| FLEEEEING.
 15232 | Lair:5   | 15232 ||| DROPPING +3 war axe.
 15234 | Lair:5   | 15234 ||| FLEEEEING.
 15266 | Lair:5   | Found a runed translucent door.
 15284 | Lair:5   | 15284 ||| Stepping ~*~*~tactically~*~*~ (stealth).
 15285 | Lair:5   | 15285 ||| FLEEEEING.
 15287 | Lair:5   | 15287 ||| Stepping ~*~*~tactically~*~*~ (stealth).
 15288 | Lair:5   | 15288 ||| Stepping ~*~*~tactically~*~*~ (stealth).
 15372 | Lair:5   | 15372 ||| FLEEEEING.
 15637 | Lair:5   | 15637 ||| Stepping ~*~*~tactically~*~*~ (hiding).
 15638 | Lair:5   | 15638 ||| Stepping ~*~*~tactically~*~*~ (hiding).
 15644 | Lair:5   | Reached skill level 9 in Armour
 15777 | Lair:5   | 15777 ||| Stepping ~*~*~tactically~*~*~ (hiding).
 15891 | Lair:5   | 15891 ||| Stepping ~*~*~tactically~*~*~ (hiding).
 15916 | Lair:5   | 15916 ||| Stepping ~*~*~tactically~*~*~ (stealth).
 15928 | Lair:5   | 15928 ||| Stepping ~*~*~tactically~*~*~ (hiding).
 15940 | Lair:5   | 15940 ||| Stepping ~*~*~tactically~*~*~ (hiding).
 15942 | Lair:5   | 15942 ||| Stepping ~*~*~tactically~*~*~ (hiding).
 16064 | Lair:5   | 16064 ||| Stepping ~*~*~tactically~*~*~ (hiding).
 16067 | Lair:5   | 16067 ||| Stepping ~*~*~tactically~*~*~ (hiding).
 16090 | Lair:5   | 16090 ||| Stepping ~*~*~tactically~*~*~ (stealth).
 16096 | Lair:5   | 16096 ||| INVOKING Heroism.
 16298 | Lair:5   | 16298 ||| INVOKING Heroism.
 16299 | Lair:5   | 16299 ||| INVOKING Finesse.
 16300 | Lair:5   | Found a staircase to the Slime Pits.
 16301 | Lair:5   | Found a viscous altar of Jiyva.
 16737 | Lair:5   | 16737 ||| DROPPING +0 plate armour of Okawaru's Hope {rN++
                  | Int+5 Dex-5}.
 16738 | Lair:5   | 16738 ||| PLANNING D
 16953 | D:12     | 16953 ||| Stepping ~*~*~tactically~*~*~ (hiding).
 16958 | D:12     | Noticed Azrael
 16959 | D:12     | 16959 ||| INVOKING Heroism.
 16965 | D:12     | Killed Azrael
 16966 | D:12     | Noticed Rupert
 16974 | D:12     | HP: 20/96 [orc/+0 trident (5)]
 16975 | D:12     | 16975 ||| READING 4 scrolls of teleportation.
 16976 | D:12     | 16976 ||| DRINKING 4 potions of heal wounds.
 16977 | D:12     | 16977 ||| DRINKING 3 potions of heal wounds.
 17158 | D:12     | 17158 ||| INVOKING Heroism.
 17164 | D:12     | Killed Rupert
 17169 | D:12     | 17169 ||| Stepping ~*~*~tactically~*~*~ (hiding).
 17182 | D:12     | 17182 ||| Stepping ~*~*~tactically~*~*~ (hiding).
 17236 | D:12     | 17236 ||| Stepping ~*~*~tactically~*~*~ (hiding).
 17237 | D:12     | 17237 ||| Stepping ~*~*~tactically~*~*~ (hiding).
 17239 | D:12     | 17239 ||| Stepping ~*~*~tactically~*~*~ (hiding).
 17522 | D:12     | 17522 ||| Stepping ~*~*~tactically~*~*~ (stealth).
 17527 | D:12     | 17527 ||| Stepping ~*~*~tactically~*~*~ (stealth).
 17558 | D:12     | 17558 ||| Stepping ~*~*~tactically~*~*~ (hiding).
 17559 | D:12     | 17559 ||| Stepping ~*~*~tactically~*~*~ (hiding).
 17562 | D:12     | Noticed Kirke
 17563 | D:12     | 17563 ||| INVOKING Heroism.
 17572 | D:12     | Killed Kirke
 17602 | D:12     | Noticed Sonja
 17603 | D:12     | 17603 ||| Stepping ~*~*~tactically~*~*~ (hiding).
 17609 | D:12     | Killed Sonja
 17610 | D:12     | Reached skill level 17 in Axes
 17652 | D:12     | 17652 ||| INVOKING Heroism.
 17662 | D:12     | Found a staircase to the Orcish Mines.
 17712 | D:12     | 17712 ||| UPGRADING to +1 cloak.
 17717 | D:12     | 17717 ||| UPGRADING to +0 pair of gloves.
 17722 | D:12     | 17722 ||| READING scroll of enchant armour.
 17722 | D:12     | 17722 ||| ENCHANTING +0 pair of gloves.
 17741 | D:13     | Noticed Jorgrun
 17742 | D:13     | 17742 ||| INVOKING Heroism.
 17748 | D:13     | Killed Jorgrun
 17835 | D:13     | 17835 ||| Stepping ~*~*~tactically~*~*~ (hiding).
 17849 | D:13     | 17849 ||| Stepping ~*~*~tactically~*~*~ (hiding).
 17851 | D:13     | 17851 ||| Stepping ~*~*~tactically~*~*~ (hiding).
 17853 | D:13     | 17853 ||| Stepping ~*~*~tactically~*~*~ (hiding).
 17855 | D:13     | 17855 ||| INVOKING Heroism.
 17856 | D:13     | Noticed Urug
 17860 | D:13     | 17860 ||| SWAPPING to +1 demon whip of venom.
 17870 | D:13     | 17870 ||| SWAPPING to +10 broad axe of the Shark {heavy,
                  | rPois SInv}.
 17872 | D:13     | 17872 ||| INVOKING Finesse.
 17885 | D:13     | Killed Urug
 17886 | D:13     | 17886 ||| Stepping ~*~*~tactically~*~*~ (hiding).
 17894 | D:13     | 17894 ||| Stepping ~*~*~tactically~*~*~ (hiding).
 17899 | D:13     | 17899 ||| INVOKING Heroism.
 17903 | D:13     | 17903 ||| Stepping ~*~*~tactically~*~*~ (hiding).
 17935 | D:13     | 17935 ||| FLEEEEING.
 18101 | D:13     | 18101 ||| Stepping ~*~*~tactically~*~*~ (hiding).
 18102 | D:13     | 18102 ||| Stepping ~*~*~tactically~*~*~ (hiding).
 18869 | D:14     | 18869 ||| Stepping ~*~*~tactically~*~*~ (stealth).
 18956 | D:14     | 18956 ||| Stepping ~*~*~tactically~*~*~ (stealth).
 18958 | D:14     | 18958 ||| Stepping ~*~*~tactically~*~*~ (stealth).
 18959 | D:14     | 18959 ||| Stepping ~*~*~tactically~*~*~ (stealth).
 18963 | D:14     | 18963 ||| INVOKING Heroism.
 18970 | D:14     | Received a gift from Okawaru
 18976 | D:14     | Reached XP level 16. HP: 104/104 MP: 23/23
 18984 | D:14     | 18984 ||| Stepping ~*~*~tactically~*~*~ (hiding).
 19114 | D:14     | 19114 ||| Stepping ~*~*~tactically~*~*~ (stealth).
 19123 | D:14     | 19123 ||| INVOKING Heroism.
 19125 | D:14     | Reached skill level 6 in Throwing
 19136 | D:14     | Found a gate to the Vaults.
 19171 | D:14     | 19171 ||| Stepping ~*~*~tactically~*~*~ (stealth).
 19172 | D:14     | 19172 ||| Stepping ~*~*~tactically~*~*~ (stealth).
 19176 | D:14     | Found a radiant altar of Vehumet.
 19292 | D:14     | Noticed Lodul
 19293 | D:14     | 19293 ||| Stepping ~*~*~tactically~*~*~ (hiding).
 19294 | D:14     | 19294 ||| Stepping ~*~*~tactically~*~*~ (hiding).
 19295 | D:14     | 19295 ||| Stepping ~*~*~tactically~*~*~ (hiding).
 19296 | D:14     | 19296 ||| Stepping ~*~*~tactically~*~*~ (hiding).
 19303 | D:14     | Killed Lodul
 19495 | D:14     | Received a gift from Okawaru
 19687 | D:15     | Entered Level 15 of the Dungeon
 19779 | D:15     | Found Vasytit's General Store.
 19785 | D:15     | 19785 ||| BUYING scroll of enchant armour (112 gold).
 19785 | D:15     | Bought a scroll of enchant armour for 112 gold pieces
 19785 | D:15     | 19785 ||| BUYING scroll of identify (30 gold).
 19785 | D:15     | Bought a scroll of identify for 30 gold pieces
 19785 | D:15     | 19785 ||| READING scroll of enchant armour.
 19785 | D:15     | 19785 ||| ENCHANTING +1 pair of gloves.
 19917 | D:15     | 19917 ||| Stepping ~*~*~tactically~*~*~ (hiding).
 19918 | D:15     | 19918 ||| INVOKING Heroism.
 19937 | D:15     | 19937 ||| Stepping ~*~*~tactically~*~*~ (hiding).
 20091 | D:15     | 20091 ||| Stepping ~*~*~tactically~*~*~ (hiding).
 20097 | D:15     | Noticed Louise
 20098 | D:15     | 20098 ||| Stepping ~*~*~tactically~*~*~ (hiding).
 20105 | D:15     | 20105 ||| INVOKING Heroism.
 20107 | D:15     | 20107 ||| INVOKING Finesse.
 20129 | D:15     | Killed Louise
 20132 | D:15     | Received a gift from Okawaru
 20266 | D:15     | 20266 ||| INVOKING Heroism.
 20356 | D:15     | Found a staircase to the Depths.
 20776 | D:15     | 20776 ||| PLANNING ORC
 20776 | D:15     | 20776 ||| DROPPING +0 plate armour.
 20777 | D:15     | 20777 ||| UPGRADING to +1 plate armour of cold resistance.
 20787 | D:15     | 20787 ||| DROPPING +2 chain mail of willpower.
 20883 | Orc:1    | Entered Level 1 of the Orcish Mines
 20906 | Orc:1    | 20906 ||| INVOKING Heroism.
 20911 | Orc:1    | Noticed Fannar
 20922 | Orc:1    | Killed Fannar
 21061 | Orc:1    | 21061 ||| Stepping ~*~*~tactically~*~*~ (hiding).
 21066 | Orc:1    | 21066 ||| Stepping ~*~*~tactically~*~*~ (hiding).
 21084 | Orc:1    | 21084 ||| Stepping ~*~*~tactically~*~*~ (stealth).
 21107 | Orc:1    | 21107 ||| INVOKING Heroism.
 21114 | Orc:1    | Received a gift from Okawaru
 21167 | Orc:1    | Found a transporter.
 21374 | Orc:1    | Found a transporter.
 21376 | Orc:1    | Found an ornate altar of the Wu Jian Council.
 21405 | Orc:1    | Found a transporter.
 21409 | Orc:1    | Found an ornate altar of the Wu Jian Council.
 21410 | Orc:1    | Found a transporter.
 21598 | Orc:2    | Entered Level 2 of the Orcish Mines
 21612 | Orc:2    | 21612 ||| Stepping ~*~*~tactically~*~*~ (stealth).
 21631 | Orc:2    | 21631 ||| Stepping ~*~*~tactically~*~*~ (hiding).
 21632 | Orc:2    | 21632 ||| Stepping ~*~*~tactically~*~*~ (hiding).
 21744 | Orc:2    | 21744 ||| Stepping ~*~*~tactically~*~*~ (stealth).
 21746 | Orc:2    | 21746 ||| Stepping ~*~*~tactically~*~*~ (hiding).
 21812 | Orc:2    | 21812 ||| INVOKING Heroism.
 21821 | Orc:2    | Received a gift from Okawaru
 21823 | Orc:2    | Noticed Nergalle
 21828 | Orc:2    | HP: 10/104 [orc warlord/+2 broad axe (22)]
 21829 | Orc:2    | 21829 ||| READING 6 scrolls of teleportation.
 21829 | Orc:2    | Slain by an orc warrior

Levels and vault maps discovered:
D:1:      lightli_arrival_lavapool, layout_rooms
D:2:      layout_basic, basic_altar, columned_hall_lemuel,
          minmay_misc_feat_nine_boxes, guppyfry_early_lair_pool
D:3:      layout_basic, nicolae_ru_great_annihilating_truth,
          beargit_hepliaklqana_dungeon_heroes, uniq_crazy_yiuf_cottage,
          uniq_sigmund
D:4:      layout_basic, ashenzari_altar_1, grunt_ministairs_1,
          minmay_manual_mail
D:5:      layout_rooms, nemelex_dance_club_becter, grunt_temple_overflow_open,
          minmay_temple_entry_fiery, serial_bayou_lagoon_b
D:6:      layout_loops_corners, nicolae_shop_i_like_small_books_too,
          minmay_hollow_rounded_squares
D:7:      dreamdust_elfheim, layout_basic
D:8:      layout_gridville, uniq_grum
D:9:      layout_basic, mainiacjoe_overflow_alcove_2, trog_hazing_becter,
          hellmonk_guarded_unrand_gong
D:10:     layout_rooms, mainiacjoe_overflow_alcove_4,
          mainiacjoe_overflow_chevrons
D:11:     layout_long_grid, lair_entry_dummy, nooodl_orcs_dogs, uniq_erolcha
D:12:     layout_basic, david_orc_5, uniq_azrael, uniq_sonja, uniq_rupert,
          uniq_kirke
D:13:     layout_long_grid, portal_ice_cave_entry_pillars_1, uniq_jorgrun,
          uniq_urug
D:14:     layout_loops_cross, david_vaults_2, nicolae_vehumet_radiance,
          uniq_lodul
D:15:     grunt_enter_depths_hoard, layout_stronghold, serial_shops, shop,
          minmay_misc_feat_secret_circle, sword_in_stone
Lair:1:   layout_small_grid, ebering_ghost_xom, pdpol_lair_neglected_garden
Lair:2:   wad_woods_04, layout_misc_corridors, minmay_shoals_entry_centaurs,
          grunt_forest_stairs_clearing
Lair:3:   mu_elephants_graveyard, layout_gridlike, dummy_spider_entry,
          lemuel_centaur_altar, uniq_amaemon, uniq_gastronok
Lair:4:   cheibrodos_lair_river_kwai, layout_cave_pods
Lair:5:   guppyfry_lair_end_dragon, layout_regular_city, wormcave,
          minmay_slime_entry_oklob_open, grunt_megastairs_2
Orc:1:    dreamdust_wu_jian_sword_trials, layout_caves, basic_altar, uniq_fannar
Orc:2:    grunt_orc_cross, layout_diamond_mine, nicolae_orc_crystal_geode

Skill      XL: |  1  2  3  4  5  6  7  8  9 10 11 12 13 14 15 16 |
---------------+-------------------------------------------------+-----
Axes           | 2 3 5 6 8 9 11 12 14 16 17 | 17.5
Throwing       | 1 2 3 5 7 |  7.1
Fighting       | 4 5 10 11 12 13 | 13.0
Shields        | 4 6 7 8 10 12 13 | 13.0
Dodging        | 1 2 3 |  3.0
Invocations    | 8 10 | 10.0
Armour         | 4 5 6 7 8 10 11 | 11.3

Action                     |  1- 3 |  4- 6 |  7- 9 | 10-12 | 13-15 | 16-18 || total
---------------------------+-------+-------+-------+-------+-------+-------++-------
  Melee: War axe           |    91 |    71 |   183 |   617 |   248 |       ||  1210
         Broad axe         |       |       |       |       |   430 |   166 ||   596
         Eveningstar       |       |       |       |       |     5 |       ||     5
         Demon whip        |       |       |       |       |    34 |       ||    34
  Throw: Javelin           |    16 |    27 |    13 |    18 |    93 |    53 ||   220
         Boomerang         |       |       |    12 |   108 |   113 |       ||   233
 Invoke: Heroism           |       |       |     1 |    20 |    25 |     7 ||    53
         Finesse           |       |       |       |       |     9 |     1 ||    10
    Use: Scroll            |     7 |     2 |     5 |     7 |     3 |     2 ||    26
         Potion            |       |       |     2 |     2 |     5 |       ||     9
   Stab: Distracted        |       |       |       |       |       |     1 ||     1
 Armour: Scale mail        |    45 |     1 |       |       |       |       ||    46
         Chain mail        |       |    52 |   130 |   207 |   288 |    17 ||   694
         Plate armour      |       |       |       |       |       |    19 ||    19
  Dodge: Dodged            |    49 |    16 |    68 |   105 |    70 |    12 ||   320
  Block: Buckler           |    15 |     5 |       |       |       |       ||    20
         Kite shield       |       |     6 |    93 |   480 |   867 |   167 ||  1613

Table legend:
 A = Non-vault XP
 B = Vault XP
 C = Vault XP percentage of total XP
 D = Non-vault monster count
 E = Vault monster count
 F = Vault count percentage of total count
                 A         B        C        D         E       F
            +---------+---------+-------+---------+---------+-------
      Total |   88133 |   63324 |  41.8 |     532 |     219 |  29.2
            +---------+---------+-------+---------+---------+-------
        D:1 |      36 |       0 |   0.0 |      21 |       0 |   0.0
        D:2 |      59 |       0 |   0.0 |      18 |       0 |   0.0
        D:3 |      81 |     295 |  78.5 |      17 |       6 |  26.1
        D:4 |     564 |     180 |  24.2 |      37 |       7 |  15.9
        D:5 |     566 |     118 |  17.3 |      17 |       2 |  10.5
        D:6 |     719 |    1284 |  64.1 |      21 |      10 |  32.3
        D:7 |    1359 |     213 |  13.5 |      21 |       4 |  16.0
        D:8 |    1087 |    1267 |  53.8 |      34 |       5 |  12.8
        D:9 |    4692 |      10 |   0.2 |      30 |       6 |  16.7
       D:10 |    2675 |       0 |   0.0 |      16 |       0 |   0.0
       D:11 |    3292 |    2002 |  37.8 |      13 |      13 |  50.0
       D:12 |    3142 |    8646 |  73.3 |      28 |      37 |  56.9
       D:13 |    7750 |    2654 |  25.5 |      19 |       2 |   9.5
       D:14 |    7620 |    4296 |  36.1 |      20 |      13 |  39.4
       D:15 |    3823 |    5423 |  58.7 |      13 |       6 |  31.6
     Lair:1 |    6721 |       0 |   0.0 |      31 |       0 |   0.0
     Lair:2 |    4451 |    2024 |  31.3 |      20 |      13 |  39.4
     Lair:3 |    2058 |   11955 |  85.3 |       8 |      25 |  75.8
     Lair:4 |   11184 |    5886 |  34.5 |      41 |      16 |  28.1
     Lair:5 |   19270 |   14583 |  43.1 |      47 |      39 |  45.3
      Orc:1 |    5822 |     886 |  13.2 |      42 |       1 |   2.3
      Orc:2 |    1162 |    1602 |  58.0 |      18 |      14 |  43.8
            +---------+---------+-------+---------+---------+-------
